[Event "Schachsommer 2019"]
[Site "Dresden"]
[Date "2019.08.09"]
[Round "1.3"]
[White "Butscher, Daniel"]
[Black "Dann, Matthias"]
[Result "1-0"]
[ECO "D00"]
[WhiteElo "2126"]
[BlackElo "2527"]
[Annotator "ChessBase"]
[PlyCount "185"]
[EventDate "2019.08.10"]
[EventType "swiss"]
[EventCountry "GER"]
[SourceTitle "playchess.com"]
[Source "ChessBase"]
[SourceQuality "1"]
[TimeControl "40/5400+30:1800+30"]

1. d4 Nf6 2. Nc3 d5 3. Bf4 g6 4. e3 Bg7 5. h4 h6 6. Be2 c5 7. Nb5 Na6 8. Nf3 Ne4 9. a4 Bf5 10. c3 O-O 11. Nd2 Nd6 12. g4 Be6 13. g5 h5 14. Rg1 Bf5 15. Nf1 Ne4 16. f3 Nd6 17. Ng3 Be6 18. Nxd6 exd6 19. Qb3 Qe7 20. Kf2 Nb8 21. Rge1 Nc6 22. Rad1 b6 23. Bb5 Rac8 24. Bxc6 Rxc6 25. e4 f6 26. exd5 c4 27. Qb5 fxg5 28. Bxg5 Qf7 29. f4 Bxd5 30. Re7 a6 31. Qxa6 Qxe7 32. Bxe7 Rxf4+ 33. Kg1 Rg4 34. Kh2 Rc7 35. Bxd6 Rf7 36. Rd2 Bf3 37. Qc8+ Kh7 38. Rf2 g5 39. hxg5 Bb7 40. Rxf7 Bxc8 41. Rc7 Be6 42. Be7 Kg6 43. Rc6 Kf7 44. Bd8 Rh4+ 45. Kg1 Rg4 46. Kf2 h4 47. g6+ Rxg6 48. Bxh4 Rh6 49. Ne4 Bd5 50. Rxh6 Bxh6 51. Nd6+ Ke6 52. Nc8 Bc1 53. Ke2 Bxb2 54. Kd2 Bc6 55. Nxb6 Ba3 56. Nxc4 Bf8 57. a5 Bb5 58. Nb6 Bd6 59. c4 Bb4+ 60. Kd3 Ba6 61. d5+ Kf7 62. Kd4 Bxa5 63. Nd7 Bc8 64. Ne5+ Ke8 65. c5 Bh3 66. Nc4 Bb4 67. Nd6+ Kd7 68. Bg3 Kd8 69. Kc4 Ba3 70. Kb5 Bg2 71. Kc6 Ke7 72. Bh4+ Kf8 73. Be1 Bc1 74. Bc3 Ke7 75. Nf5+ Kd8 76. Kd6 Bh3 77. Ke5 Ba3 78. c6 Kc8 79. Nd6+ Bxd6+ 80. Kxd6 Bg2 81. Be5 Bf3 82. Kc5 Bg2 83. Bf4 Bf3 84. Kd4 Bg2 85. Ke5 Bf3 86. Kd6 Bg2 87. Kc5 Bf3 88. d6 Bg4 89. Bg5 Bh3 90. Kd4 Bg4 91. Ke5 Bh3 92. Kf6 Bg4 93. Ke7 1-0

[Event "Schachsommer 2019"]
[Site "Dresden"]
[Date "2019.08.09"]
[Round "1.4"]
[White "Gajek, Radoslaw"]
[Black "Stabolewski, Andreas"]
[Result "1/2-1/2"]
[ECO "E15"]
[WhiteElo "2423"]
[BlackElo "2121"]
[Annotator "NA"]
[PlyCount "81"]
[EventDate "2019.08.10"]
[EventType "swiss"]
[EventCountry "GER"]
[SourceTitle "playchess.com"]
[Source "ChessBase"]
[SourceQuality "1"]
[TimeControl "40/5400+30:1800+30"]

1. Nf3 Nf6 2. c4 e6 3. d4 b6 4. g3 Ba6 5. b3 Bb4+ 6. Bd2 Be7 7. Bg2 O-O 8. Nc3 d5 9. cxd5 exd5 10. O-O Re8 11. Qc2 Nbd7 12. Ne5 Bb7 13. Rad1 c5 14. Nxd7 Qxd7 15. Bg5 cxd4 16. Rxd4 h6 17. Nxd5 Nxd5 18. Bxe7 Qxe7 19. Bxd5 Bxd5 20. Rxd5 Qxe2 21. Rd2 Qe7 22. Rfd1 Rad8 23. Rxd8 Rxd8 24. Rxd8+ Qxd8 25. Qe4 g6 26. Kg2 a5 27. a4 Kg7 28. Qc4 Qf6 29. f4 h5 30. Kf3 Qa1 31. Qc2 Qd4 32. h3 Qd5+ 33. Kf2 h4 34. Ke2 Qd4 35. gxh4 Qxf4 36. Qc3+ Qf6 37. Qg3 Qb2+ 38. Kd1 Qb1+ 39. Kd2 Qb2+ 40. Kd1 Qb1+ 41. Kd2 1/2-1/2

[Event "Schachsommer 2019"]
[Site "Dresden"]
[Date "2019.08.09"]
[Round "1.5"]
[White "Walther, Hans-Wolfgang"]
[Black "Mkrtchaian, Lilit"]
[Result "0-1"]
[ECO "B41"]
[WhiteElo "2120"]
[BlackElo "2396"]
[Annotator "NA"]
[PlyCount "58"]
[EventDate "2019.08.10"]
[EventType "swiss"]
[EventCountry "GER"]
[SourceTitle "playchess.com"]
[Source "ChessBase"]
[SourceQuality "1"]
[TimeControl "40/5400+30:1800+30"]

1. d4 e6 2. Nf3 c5 3. c4 cxd4 4. Nxd4 Nf6 5. Nc3 a6 6. e4 Qc7 7. Bd3 Nc6 8. Nxc6 dxc6 9. f4 e5 10. f5 Bc5 11. Qf3 h5 12. g3 Bd7 13. Bd2 Ng4 14. h3 Nf2 15. Rh2 Nxd3+ 16. Qxd3 O-O-O 17. Qc2 Bd4 18. Ne2 c5 19. Nxd4 cxd4 20. Qd3 g6 21. Bg5 gxf5 22. Bxd8 Rxd8 23. exf5 Bc6 24. Re2 e4 25. Rxe4 Bxe4 26. Qxe4 Qxg3+ 27. Ke2 d3+ 28. Kf1 Rg8 29. Qh1 Qf4+ 0-1

[Event "Schachsommer 2019"]
[Site "Dresden"]
[Date "2019.08.11"]
[Round "2.2"]
[White "Mkrtchian, Lilit"]
[Black "Koelle, Tobias"]
[Result "0-1"]
[ECO "E97"]
[WhiteElo "2395"]
[BlackElo "2159"]
[Annotator "NA"]
[PlyCount "90"]
[EventDate "2019.08.10"]
[EventType "swiss"]
[EventCountry "GER"]
[SourceTitle "playchess.com"]
[Source "ChessBase"]
[SourceQuality "1"]
[TimeControl "40/5400+30:1800+30"]

1. c4 g6 2. d4 Bg7 3. e4 d6 4. Nc3 Nf6 5. Nf3 O-O 6. Be2 e5 7. O-O Nc6 8. Be3 Ng4 9. Bg5 f6 10. Bh4 h5 11. h3 Nh6 12. dxe5 dxe5 13. Qb3 Qe8 14. c5+ Kh8 15. Nd5 Qf7 16. Rfd1 Rb8 17. Qc3 Be6 18. Bc4 Rbd8 19. Rac1 g5 20. Bg3 g4 21. hxg4 hxg4 22. Nh4 Nd4 23. Ne3 Kh7 24. Kf1 Rd7 25. b3 Rfd8 26. Bd3 Qh5 27. Nc2 Nb5 28. Qb4 c6 29. Be2 Qg5 30. Ne3 Nd4 31. Bc4 Bxc4+ 32. Qxc4 b5 33. cxb6 axb6 34. Qc3 Bf8 35. Qb2 Kg8 36. b4 Be7 37. Nc4 b5 38. Na5 f5 39. Nxf5 Nhxf5 40. exf5 Qh6 41. f3 gxf3 42. Kf2 Bh4 43. Ra1 Z0 44. Ke1 Z0 45. Nb7 Nc2+ {--- Rd2+} 0-1

[Event "Schachsommer 2019"]
[Site "Dresden"]
[Date "2019.08.11"]
[Round "2.3"]
[White "Schnoor, Ekkehard"]
[Black "Nothnagel, Marian Can"]
[Result "0-1"]
[ECO "C41"]
[WhiteElo "2152"]
[BlackElo "2388"]
[Annotator "NA"]
[PlyCount "76"]
[EventDate "2019.08.10"]
[EventType "swiss"]
[EventCountry "GER"]
[SourceTitle "playchess.com"]
[Source "ChessBase"]
[SourceQuality "1"]
[TimeControl "40/5400+30:1800+30"]

1. e4 e5 2. Nf3 d6 3. d4 exd4 4. Nxd4 Nf6 5. Nc3 Be7 6. g3 O-O 7. Bg2 Nc6 8. Nf5 Bxf5 9. exf5 Na5 10. Qd3 Nd7 11. O-O Ne5 12. Qe2 Re8 13. Nd5 Bf8 14. Ne3 Rb8 15. b4 Nac6 16. Qd2 Qf6 17. Rb1 a6 18. Bb2 Qd8 19. a4 Nd7 20. Nd5 Nce5 21. Ne3 Nb6 22. Qd4 Nxa4 23. Ba1 Nb6 24. f4 Nc6 25. Qc3 d5 26. Ng4 d4 27. Qd2 Nc4 28. Qd3 Ne3 29. Nxe3 dxe3 30. Qc4 Qd7 31. f6 g6 32. Rbd1 Qf5 33. Rd5 Qc8 34. f5 e2 35. Re1 Nxb4 36. fxg6 hxg6 37. Rg5 Qe6 38. Qxc7 Qe3+ {[%emt 0:03:05] --- Ra8+ --- Nd3+} 0-1

[Event "Schachsommer 2019"]
[Site "Dresden"]
[Date "2019.08.11"]
[Round "2.4"]
[White "Kambrath, Yannick"]
[Black "Juergens, Klaus"]
[Result "1-0"]
[ECO "E73"]
[WhiteElo "2344"]
[BlackElo "2156"]
[Annotator "NA"]
[PlyCount "73"]
[EventDate "2019.08.10"]
[EventType "swiss"]
[EventCountry "GER"]
[SourceTitle "playchess.com"]
[Source "ChessBase"]
[SourceQuality "1"]
[TimeControl "40/5400+30:1800+30"]

1. d4 Nf6 2. c4 g6 3. Nc3 Bg7 4. e4 d6 5. Be2 O-O 6. Bg5 h6 7. Be3 c5 8. e5 dxe5 9. dxe5 Qxd1+ 10. Rxd1 Ng4 11. Bxc5 Nxe5 12. Nd5 Nbc6 13. h3 g5 14. b3 $11 ({Worse is} 14. Nxe7+ Nxe7 15. Bxe7 Re8 $17) 14... Ng6 15. Nf3 Nf4 16. Nxf4 Bc3+ 17. Nd2 gxf4 18. O-O Bf5 19. Bf3 Bd3 20. Ne4 Bxe4 21. Bxe4 Rfd8 22. Bxc6 bxc6 23. Bxe7 Re8 24. Rd7 a5 25. Rfd1 Kg7 26. Rb7 a4 27. b4 a3 28. Rd3 Bf6 29. Bxf6+ Kxf6 30. Rdd7 Re1+ 31. Kh2 Ra1 32. Rxf7+ Kg6 33. Rxf4 Rxa2 34. Rbf7 Re2 35. R4f6+ Kg5 36. f4+ Kh5 37. Rh7 1-0

[Event "Schachsommer 2019"]
[Site "Dresden"]
[Date "2019.08.11"]
[Round "2.5"]
[White "Zwahr, Paul"]
[Black "Eschke, Lars"]
[Result "1/2-1/2"]
[ECO "B07"]
[WhiteElo "2304"]
[BlackElo "2146"]
[Annotator "NA"]
[PlyCount "145"]
[EventDate "2019.08.10"]
[EventType "swiss"]
[EventCountry "GER"]
[SourceTitle "playchess.com"]
[Source "ChessBase"]
[SourceQuality "1"]
[TimeControl "40/5400+30:1800+30"]

1. e4 d6 2. d4 Nf6 3. Nc3 g6 4. Bg5 Bg7 5. Qd2 h6 6. Bf4 g5 7. Bg3 Nh5 8. Bc4 Nd7 9. Nge2 c5 10. O-O-O a6 11. dxc5 Nxc5 12. h4 Nxg3 13. Nxg3 Bg4 14. f3 Be5 15. Nge2 Be6 16. Bxe6 Nxe6 17. hxg5 hxg5 18. Rxh8+ Bxh8 19. Nd5 Be5 20. g3 Bg7 21. Rh1 Rc8 22. Kb1 Qd7 23. c3 Qb5 24. Ka1 Rc6 25. Nd4 Nxd4 26. cxd4 e6 27. Qxg5 exd5 28. Qxg7 Ke7 29. Qg5+ Kd7 30. exd5 Rb6 31. Rb1 Qe2 32. Qf5+ Kc7 33. Qe4 Qd2 34. g4 Kb8 35. Qe8+ Ka7 36. Qe1 Qxd4 37. Qe2 Qxd5 38. Qe3 Qb5 39. Qf2 Qc5 40. Qd2 Qb5 41. Qf2 Qc5 42. Qd2 Qb4 43. Qd5 f6 44. Qd3 a5 45. Qe3 Ka6 46. f4 Qc5 47. Qd3+ Qb5 48. Qd4 Qe2 49. Qxf6 Qxg4 50. a3 Qe2 51. Qd4 Qb5 52. Rg1 Qc5 53. Qd3+ Qb5 54. Qd2 d5 55. Rd1 Qc4 56. Rc1 Qb5 57. Qd4 Rc6 58. Rxc6+ bxc6 59. Qf2 Qc4 60. f5 d4 61. f6 d3 62. f7 d2 63. Qxd2 Qxf7 64. Qd3+ Kb6 65. Kb1 Qf2 66. Qd8+ Ka6 67. Qa8+ Kb6 68. Qb8+ Ka6 69. Qb3 Qe1+ 70. Ka2 Qe2 71. Qc3 Qe6+ 72. Ka1 Qe4 73. Qc1 1/2-1/2

[Event "Schachsommer 2019"]
[Site "Dresden"]
[Date "2019.08.12"]
[Round "3.1"]
[White "Efimenko, Zahar"]
[Black "Pollmüller, Michael"]
[Result "1-0"]
[ECO "B04"]
[WhiteElo "2631"]
[BlackElo "2175"]
[Annotator "RC"]
[PlyCount "75"]
[EventDate "2019.08.10"]
[EventType "swiss"]
[EventCountry "GER"]
[SourceTitle "playchess.com"]
[Source "ChessBase"]
[SourceQuality "1"]
[TimeControl "40/5400+30:1800+30"]

1. e4 Nf6 2. e5 Nd5 3. d4 d6 4. Nf3 g6 5. Bc4 Nb6 6. Bb3 Bg7 7. Qe2 dxe5 8. dxe5 O-O 9. h3 a5 10. a3 a4 11. Ba2 Nc6 12. O-O Nd4 13. Nxd4 Qxd4 14. e6 Bxe6 15. Bxe6 fxe6 16. Qxe6+ Kh8 17. Nd2 Qc5 18. c3 Rad8 19. Nf3 Nc4 20. Ng5 Qd5 21. Qg4 Rd6 22. Bf4 Rdf6 23. Bg3 Nd2 24. Rad1 h6 25. Qe2 Qxg5 26. Rxd2 c6 27. Rd7 b5 28. Qxe7 R6f7 29. Qxf7 Rxf7 30. Rxf7 Qd5 31. Rc7 Be5 32. Bxe5+ Qxe5 33. Rxc6 Qe2 34. Rc7 Qe5 35. Rd7 h5 36. Rfd1 Qe2 37. h4 Kg8 38. Rd8+ 1-0

[Event "Schachsommer 2019"]
[Site "Dresden"]
[Date "2019.08.12"]
[Round "4.1"]
[White "Kambrath, Yannick"]
[Black "Efimenko, Zahar"]
[Result "1/2-1/2"]
[ECO "A41"]
[WhiteElo "2344"]
[BlackElo "2608"]
[Annotator "ChessBase"]
[PlyCount "107"]
[EventDate "2019.08.10"]
[EventType "swiss"]
[EventCountry "GER"]
[SourceTitle "playchess.com"]
[Source "ChessBase"]
[SourceQuality "1"]
[TimeControl "40/5400+30:1800+30"]

1. d4 d6 2. Nf3 Bg4 3. g3 Bxf3 4. exf3 e6 5. Bg2 d5 6. O-O Nd7 7. Re1 c6 8. f4 Ne7 9. Nd2 Nf5 10. Nf3 Be7 11. b3 O-O 12. Bb2 Qa5 13. Ne5 Nxe5 14. fxe5 Ba3 15. Qc1 Bxb2 16. Qxb2 Rfd8 17. b4 Qc7 18. Bf1 b6 19. Bd3 Ne7 20. c3 c5 21. Kg2 a5 22. b5 a4 23. a3 Rdc8 24. Rac1 Qa7 25. f4 Qd7 26. Rf1 Nf5 27. Bxf5 exf5 28. Rfd1 Qe6 29. c4 cxd4 30. Rxd4 dxc4 31. Rd6 Qe7 32. Qd4 Qb7+ 33. Kf2 h6 34. Rd7 Qe4 35. Qxe4 fxe4 36. Rd6 Rc5 37. Rxb6 Ra5 38. Ke3 Rcxb5 39. Rxb5 Rxb5 40. Rxc4 Rb3+ 41. Kxe4 Rxa3 42. Rc8+ Kh7 43. Rf8 Ra2 44. h4 f6 45. e6 Re2+ 46. Kf5 a3 47. Ra8 a2 48. h5 Rb2 49. Kg4 Re2 50. f5 Rf2 51. Ra7 Kg8 52. Ra8+ Kh7 53. Ra7 Kg8 54. Ra8+ 1/2-1/2

[Event "Schachsommer 2019"]
[Site "Dresden"]
[Date "2019.08.12"]
[Round "4.2"]
[White "Koelle, Tobias"]
[Black "Nothnagel, Marian Can"]
[Result "1-0"]
[ECO "D31"]
[WhiteElo "2159"]
[BlackElo "2388"]
[Annotator "NA"]
[PlyCount "163"]
[EventDate "2019.08.10"]
[EventType "swiss"]
[EventCountry "GER"]
[SourceTitle "playchess.com"]
[Source "ChessBase"]
[SourceQuality "1"]
[TimeControl "40/5400+30:1800+30"]

1. d4 d5 2. c4 e6 3. Nc3 a6 4. cxd5 exd5 5. Bf4 c6 6. e3 Bd6 7. Bxd6 Qxd6 8. Bd3 Nf6 9. h3 Be6 10. Nf3 Nbd7 11. a3 O-O 12. O-O g6 13. Rc1 Rae8 14. Re1 Re7 15. Qc2 Qb8 16. Nd2 Nh5 17. b4 Ng7 18. Na4 Bf5 19. Nc5 Bxd3 20. Qxd3 Nf5 21. a4 Nd6 22. Ndb3 Nf6 23. Nd2 Rfe8 24. Nf3 Nd7 25. Nd2 Kg7 26. Re2 Nf6 27. Rce1 Qd8 28. Qc3 Nh5 29. Nf3 f6 30. Qd3 Kg8 31. Qb1 Nf4 32. Ra2 Ne6 33. Qb3 Kg7 34. Qb1 Qc8 35. Rc1 Nc7 36. Nd2 Ne6 37. Qd3 Qd8 38. Rac2 Qb6 39. Rb1 Ng5 40. Qb3 Qd8 41. Rbc1 Qb8 42. Nd3 Ne6 43. Nc5 Nc7 44. Qd3 Kh8 45. Qe2 Ne6 46. Qf3 Kg7 47. Qg3 Qd8 48. Qf3 Ng5 49. Qe2 h5 50. Qd3 Qb6 51. Qb3 Ngf7 52. Rb1 Qd8 53. Qd3 Qb8 54. Rbc1 Nh6 55. Qf1 Qd8 56. Nd3 h4 57. Nb1 Qd7 58. Nc3 Nc4 59. b5 axb5 60. axb5 Qd6 61. bxc6 bxc6 62. Nb1 g5 63. Nd2 Nxd2 64. Rxd2 g4 65. Rdc2 Rc8 66. Nf4 gxh3 67. gxh3 Kh7 68. Kh1 f5 69. Qa6 Rec7 70. Rc5 Nf7 71. Nxd5 Qe6 72. Qe2 Ra7 73. Nf4 Qf6 74. Rg1 Nh6 75. Rg6 Ra1+ 76. Kh2 Qxg6 77. Nxg6 Kxg6 78. Qf3 Rg8 79. Rxc6+ Kg7 80. Rc7+ Nf7 81. Qxf5 Kh6 82. Qxf7 1-0

[Event "Schachsommer 2019"]
[Site "Dresden"]
[Date "2019.08.12"]
[Round "4.3"]
[White "Heimann, Andreas"]
[Black "Siedentopf, Daniel"]
[Result "1-0"]
[ECO "C18"]
[WhiteElo "2634"]
[BlackElo "2294"]
[Annotator "ChessBase"]
[PlyCount "49"]
[EventDate "2019.08.10"]
[EventType "swiss"]
[EventCountry "GER"]
[SourceTitle "playchess.com"]
[Source "ChessBase"]
[SourceQuality "1"]
[TimeControl "40/5400+30:1800+30"]

1. e4 e6 2. d4 d5 3. Nc3 Bb4 4. e5 Ne7 5. a3 Bxc3+ 6. bxc3 c5 7. Qg4 O-O 8. Bd3 Nbc6 9. Bg5 Qa5 10. Ne2 Ng6 11. O-O Qa4 12. f4 c4 13. Bxg6 fxg6 14. f5 Rxf5 15. Rxf5 gxf5 16. Qg3 Qa5 17. Nf4 Qc7 18. Rf1 Qf7 19. Qh4 h6 20. Bxh6 gxh6 21. Rf3 Kf8 22. Rg3 Ke8 23. Qxh6 Kd8 24. Rg7 Qf8 25. Ng6 1-0

[Event "Schachsommer 2019"]
[Site "Dresden"]
[Date "2019.08.12"]
[Round "4.4"]
[White "Jablonicky, Martin"]
[Black "Richter, Leonard"]
[Result "1-0"]
[ECO "B50"]
[WhiteElo "2378"]
[BlackElo "2284"]
[Annotator "NA"]
[PlyCount "119"]
[EventDate "2019.08.10"]
[EventType "swiss"]
[EventCountry "GER"]
[SourceTitle "playchess.com"]
[Source "ChessBase"]
[SourceQuality "1"]
[TimeControl "40/5400+30:1800+30"]

1. e4 c5 2. Nf3 d6 3. Nc3 Nf6 4. e5 dxe5 5. Nxe5 a6 6. g3 Qd6 7. Nf3 Bg4 8. Bg2 Nc6 9. h3 Bh5 10. d3 e5 11. g4 Bg6 12. Nd2 Qc7 13. Nc4 O-O-O 14. g5 Bh5 15. Qd2 Ng8 16. Nd5 Rxd5 17. Bxd5 Nd4 18. c3 Bf3 19. cxd4 Bxd5 20. Rg1 Ne7 21. Qa5 Qxa5+ 22. Nxa5 Nf5 23. Nc4 Bxc4 24. dxc4 Nxd4 25. Kf1 Be7 26. Be3 Rd8 27. Rd1 Rd6 28. Bxd4 cxd4 29. Ke2 Rb6 30. b3 Kd7 31. f4 f6 32. Kf3 Ke6 33. fxe5 fxe5 34. Ke4 a5 35. Rb1 Rc6 36. h4 Rc8 37. Rgf1 g6 38. Rf3 h6 39. gxh6 Rh8 40. Rg1 Rxh6 41. Rg4 g5 42. Rf5 gxh4 43. Rxe5+ Kf7 44. Rxa5 h3 45. Rg1 h2 46. Rh1 Rh4+ 47. Kd3 b6 48. Rb5 Rh3+ 49. Kxd4 Bc5+ 50. Kd5 Bg1 51. Kc6 Rg3 52. Kb7 Rg2 53. a4 Rb2 54. a5 bxa5 55. c5 Ke6 56. c6 a4 57. c7 Rc2 58. bxa4 Z0 {c6} 59. Rb2 {c7} Z0 60. Ka6 {Rb6+ Ka5} 1-0

[Event "Schachsommer 2019"]
[Site "Dresden"]
[Date "2019.08.12"]
[Round "4.5"]
[White "Mkrtchian, Lilit"]
[Black "Post, Hugo"]
[Result "1-0"]
[ECO "E15"]
[WhiteElo "2395"]
[BlackElo "2155"]
[Annotator "NA"]
[PlyCount "49"]
[EventDate "2019.08.10"]
[EventType "swiss"]
[EventCountry "GER"]
[SourceTitle "playchess.com"]
[Source "ChessBase"]
[SourceQuality "1"]
[TimeControl "40/5400+30:1800+30"]

1. d4 Nf6 2. Nf3 e6 3. c4 b6 4. g3 Ba6 5. b3 Bb4+ 6. Bd2 Be7 7. Nc3 O-O 8. Bg2 d5 9. cxd5 exd5 10. O-O c5 11. Bg5 Nc6 12. Rc1 Re8 13. Re1 Ne4 14. Bxe7 Nxe7 15. dxc5 bxc5 16. Nxe4 dxe4 17. Ng5 Qxd1 18. Rcxd1 f5 19. Ne6 Rac8 20. Rd7 Bb5 21. Rxa7 g6 22. Nc7 Nc6 23. Rb7 Ba6 24. Nxa6 Z0 25. Nc7 1-0

[Event "Schachsommer 2019"]
[Site "Dresden"]
[Date "2019.08.14"]
[Round "5.1"]
[White "Heimann, Andreas"]
[Black "Koelle, Tobias"]
[Result "1-0"]
[ECO "E71"]
[WhiteElo "2634"]
[BlackElo "2159"]
[Annotator "ChessBase"]
[PlyCount "99"]
[EventDate "2019.08.10"]
[EventType "swiss"]
[EventCountry "GER"]
[SourceTitle "playchess.com"]
[Source "ChessBase"]
[SourceQuality "1"]
[TimeControl "40/5400+30:1800+30"]

1. d4 Nf6 2. c4 g6 3. Nc3 Bg7 4. e4 d6 5. h3 O-O 6. Be3 e5 7. d5 a5 8. g4 Na6 9. Nge2 Nc5 10. Ng3 b6 11. Qd2 Bd7 12. O-O-O a4 13. f3 Ne8 14. h4 f6 15. h5 g5 16. h6 Bh8 17. Nf5 Rf7 18. Nb5 Kf8 19. Rh2 Qb8 20. Qb4 Qb7 21. Rc2 Ra6 22. Kd2 Bc8 23. Ke1 Rd7 24. Kf2 Rd8 25. Kg3 Bd7 26. Rcd2 Rda8 27. Be2 Qb8 28. Qc3 Qb7 29. Qc2 Qb8 30. Nc3 Qb7 31. Rb1 Qa7 32. Qc1 Qb8 33. Bf2 Qb7 34. Kg2 Qb8 35. Bd1 Qb7 36. b4 axb3 37. axb3 Qc8 38. b4 Nb7 39. Be2 Ra3 40. Rdb2 Bxf5 41. gxf5 Qd7 42. c5 bxc5 43. bxc5 Nxc5 44. Bxc5 dxc5 45. Nb5 R3a5 46. Qxc5+ Qe7 47. Qc6 Ra4 48. Nc3 Ra3 49. Rb8 Rxb8 50. Rxb8 1-0

[Event "Schachsommer 2019"]
[Site "Dresden"]
[Date "2019.08.14"]
[Round "5.2"]
[White "Efimenko, Zahar"]
[Black "Jablonicky, Martin"]
[Result "1/2-1/2"]
[ECO "D00"]
[WhiteElo "2608"]
[BlackElo "2378"]
[Annotator "ChessBase"]
[PlyCount "57"]
[EventDate "2019.08.10"]
[EventType "swiss"]
[EventCountry "GER"]
[SourceTitle "playchess.com"]
[Source "ChessBase"]
[SourceQuality "1"]
[TimeControl "40/5400+30:1800+30"]

1. d4 Nf6 2. Nf3 g6 3. Nc3 d5 4. Bf4 Bg7 5. h4 c5 6. e3 O-O 7. Be2 Nc6 8. O-O Ne4 9. h5 Bg4 10. hxg6 hxg6 11. Nxe4 dxe4 12. Ng5 Bxe2 13. Qxe2 cxd4 14. exd4 Qxd4 15. c3 Qf6 16. Qxe4 Bh6 17. Nh3 Bxf4 18. Nxf4 Rad8 19. Rad1 e6 20. g3 Kg7 21. Kg2 Rh8 22. Rxd8 Rxd8 23. Re1 Qf5 24. Qxf5 gxf5 25. Kf1 Rd2 26. Re2 Rd1+ 27. Re1 Rd2 28. Re2 Rd1+ 29. Re1 1/2-1/2

[Event "Schachsommer 2019"]
[Site "Dresden"]
[Date "2019.08.14"]
[Round "5.3"]
[White "Gajek, Radoslaw"]
[Black "Kambrath, Yannick"]
[Result "0-1"]
[ECO "D02"]
[WhiteElo "2423"]
[BlackElo "2344"]
[Annotator "NA"]
[PlyCount "88"]
[EventDate "2019.08.10"]
[EventType "swiss"]
[EventCountry "GER"]
[SourceTitle "playchess.com"]
[Source "ChessBase"]
[SourceQuality "1"]
[TimeControl "40/5400+30:1800+30"]

1. d4 Nf6 2. Bf4 d5 3. e3 e6 4. Nf3 c5 5. c3 Bd6 6. Bb5+ Nc6 7. Ne5 Qc7 8. Qa4 Bd7 9. Nxd7 Nxd7 10. Bg3 O-O 11. Nd2 a6 12. Bxc6 bxc6 13. Qa3 Bxg3 14. hxg3 Qb6 15. Nb3 a5 16. Nxc5 Nxc5 17. dxc5 Qb5 18. Rh4 Rfb8 19. b3 Qd3 20. Rc1 e5 21. Ra4 Qa6 22. c4 d4 23. exd4 exd4 24. Kf1 Re8 25. Rd1 Rad8 26. Qb2 d3 27. Qc3 Qc8 28. Kg1 Qg4 29. Qd2 Re2 30. Qf4 Qxf4 31. gxf4 d2 32. Kh2 Re1 33. Rxd2 Rxd2 34. Rxa5 h5 35. b4 Rc1 36. b5 cxb5 37. cxb5 Rxc5 38. Ra8+ Kh7 39. a4 Rb2 40. Ra6 Rc4 41. b6 Rxf4 42. a5 Rfxf2 43. Ra7 Rxg2+ 44. Kh3 Rg5 0-1

[Event "Schachsommer 2019"]
[Site "Dresden"]
[Date "2019.08.14"]
[Round "5.4"]
[White "Mirimanian, Hayk"]
[Black "Dann, Matthias"]
[Result "1/2-1/2"]
[ECO "B91"]
[WhiteElo "2240"]
[BlackElo "2527"]
[Annotator "ChessBase"]
[PlyCount "139"]
[EventDate "2019.08.10"]
[EventType "swiss"]
[EventCountry "GER"]
[SourceTitle "playchess.com"]
[Source "ChessBase"]
[SourceQuality "1"]
[TimeControl "40/5400+30:1800+30"]

1. e4 d6 2. Nc3 c5 3. Nf3 Nf6 4. d4 cxd4 5. Nxd4 a6 6. g3 g6 7. Bg2 Bg4 8. Nce2 Bg7 9. h3 Bd7 10. O-O Nc6 11. Be3 Rc8 12. Qd2 O-O 13. g4 Qc7 14. Rac1 b5 15. b3 e5 16. Nxc6 Bxc6 17. Ng3 Qb7 18. Qd3 d5 19. exd5 Nxd5 20. c4 Nf4 21. Bxc6 Rxc6 22. Qe4 f5 23. Qh1 Qd7 24. Rcd1 Qc8 25. cxb5 axb5 26. gxf5 Kh8 27. Bxf4 exf4 28. f6 Rcxf6 29. Ne4 Ra6 30. Qf3 Rxa2 31. Rd5 b4 32. Rfd1 Ra7 33. Rb5 Bc3 34. Rd3 Rc7 35. Rbd5 Qe6 36. Kh2 Bg7 37. Ng5 Qe7 38. Ne4 h6 39. Rd6 Re8 40. Nd2 Kh7 41. Nc4 g5 42. Rb6 Qe2 43. Rxb4 Qxf3 44. Rxf3 Re2 45. Kg2 Bd4 46. Nd6 Ba7 47. Re4 Rcc2 48. Rxe2 Rxe2 49. Kf1 Ra2 50. Nb5 Bb6 51. Nc3 Ra1+ 52. Ke2 Kg6 53. Rd3 Kf5 54. Kf3 Rh1 55. Kg2 Rc1 56. Kf3 h5 57. Rd5+ Ke6 58. Rd3 Rc2 59. Ne4 Ke5 60. Rd2 g4+ 61. hxg4 hxg4+ 62. Kxg4 Rxd2 63. Nxd2 Bxf2 64. Kf3 Be3 65. Ne4 Kd5 66. Nf6+ Kc5 67. Nh5 Kb4 68. Nxf4 Bxf4 69. Kxf4 Kxb3 70. Ke4 1/2-1/2

[Event "Schachsommer 2019"]
[Site "Dresden"]
[Date "2019.08.14"]
[Round "5.5"]
[White "Dietz, Kristin"]
[Black "Mkrtchian, Lilit"]
[Result "0-1"]
[ECO "E94"]
[WhiteElo "1904"]
[BlackElo "2395"]
[Annotator "NA"]
[PlyCount "82"]
[EventDate "2019.08.10"]
[EventType "swiss"]
[EventCountry "GER"]
[SourceTitle "playchess.com"]
[Source "ChessBase"]
[SourceQuality "1"]
[TimeControl "40/5400+30:1800+30"]

1. e4 c6 2. c4 e5 3. Nf3 d6 4. d4 Nd7 5. Be2 Ngf6 6. Nc3 g6 7. O-O Bg7 8. Be3 O-O 9. Qc2 exd4 10. Nxd4 Qe7 11. Nb3 Re8 12. Bd3 Ne5 13. Bg5 Qe6 14. Nd2 h6 15. Bh4 Qg4 16. Bg3 Qe6 17. Rae1 Nh5 18. f4 Nxg3 19. hxg3 Ng4 20. Nf3 Qe7 21. f5 Be5 22. Nxe5 Qxe5 23. Rf3 Bxf5 24. Qe2 Qc5+ 25. Kh1 Bxe4 26. Qxe4 Rxe4 27. Bxe4 Qh5+ 28. Kg1 Qh2+ 29. Kf1 Qh1+ 30. Ke2 Qxg2+ 31. Kd1 Nf2+ 32. Kc1 Nxe4 33. Rfe3 Qd2+ 34. Kb1 Nxc3+ 35. bxc3 a5 36. R1e2 Qd1+ 37. Kb2 Ra6 38. g4 a4 39. Re8+ Kg7 40. Ka3 Qc1+ 41. Rb2 Qxc3+ {[%emt 0:21:54] --- Bc8# --- Ra8# --- Bh2#} 0-1

[Event "Schachsommer 2019"]
[Site "Dresden"]
[Date "2019.08.15"]
[Round "7.2"]
[White "Kambrath, Yannick"]
[Black "Dann, Matthias"]
[Result "1/2-1/2"]
[ECO "E18"]
[WhiteElo "2344"]
[BlackElo "2527"]
[Annotator "ChessBase"]
[PlyCount "87"]
[EventDate "2019.08.10"]
[EventType "swiss"]
[EventCountry "GER"]
[SourceTitle "playchess.com"]
[Source "ChessBase"]
[SourceQuality "1"]
[TimeControl "40/5400+30:1800+30"]

1. d4 Nf6 2. Nf3 e6 3. c4 b6 4. g3 Bb7 5. Bg2 Be7 6. O-O O-O 7. Nc3 Ne4 8. Bd2 d5 9. Qc2 Nd7 10. cxd5 exd5 11. Bf4 c5 12. Rfd1 Rc8 13. dxc5 Ndxc5 14. Nxe4 Nxe4 15. Qb3 Nc5 16. Qc2 Ne6 17. Qd2 Nxf4 18. gxf4 Bf6 19. Ne5 Bxe5 20. fxe5 Qe7 21. f4 Rcd8 22. Rac1 f6 23. Qd4 fxe5 24. Qxe5 Qxe5 25. fxe5 Rd7 26. e6 Re7 27. Bxd5 Bxd5 28. Rxd5 Rxe6 29. Rd7 a5 30. Rc3 h6 31. a4 Rf4 32. Rg3 Rf7 33. Rxf7 Kxf7 34. Kf2 Re4 35. Rb3 Rb4 36. Rxb4 axb4 37. Kf3 g5 38. Ke4 Ke6 39. Kd4 h5 40. Ke4 b3 41. Kd4 Kd6 42. Ke4 Ke6 43. Kd4 Kd6 44. Ke4 1/2-1/2

[Event "Schachsommer 2019"]
[Site "Dresden"]
[Date "2019.08.15"]
[Round "7.3"]
[White "Efimenko, Zahar"]
[Black "Herbrig, Alexander"]
[Result "1-0"]
[ECO "E14"]
[WhiteElo "2608"]
[BlackElo "2291"]
[Annotator "ChessBase"]
[PlyCount "71"]
[EventDate "2019.08.10"]
[EventType "swiss"]
[EventCountry "GER"]
[SourceTitle "playchess.com"]
[Source "ChessBase"]
[SourceQuality "1"]
[TimeControl "40/5400+30:1800+30"]

1. d4 Nf6 2. Nf3 e6 3. e3 b6 4. Bd3 Bb7 5. O-O Be7 6. c4 O-O 7. Nc3 d5 8. cxd5 Nxd5 9. Nxd5 Bxd5 10. e4 Bb7 11. Bf4 c5 12. dxc5 Bxc5 13. a3 a5 14. e5 Ba6 15. Bxa6 Nxa6 16. Qc2 h6 17. Rad1 Qc7 18. Qe2 Qb7 19. Nd2 Be7 20. Ne4 Nc5 21. Nd6 Bxd6 22. exd6 a4 23. Rfe1 Rad8 24. h4 Kh8 25. Qb5 Rd7 26. Rd4 Rfd8 27. h5 f6 28. Be3 e5 29. Rdd1 Ne4 30. Qxb6 Qa8 31. Qb4 Rxd6 32. Rxd6 Nxd6 33. Bb6 Rd7 34. Rd1 Qc6 35. Qc5 Rc7 36. Qxd6 1-0